 Dungeon Crawl Stone Soup version 0.29.1-13-g9f3cf754e1 (webtiles) character file.

Game seed: 969425410092875695

162512 mopl the Shatterer (level 19, -8/250 HPs)
             Began as a Meteoran Berserker on Jan 18, 2023.
             Was a High Priest of Trog.
             Killed by divine providence
             ... invoked by a deep elf high priest
              (11 damage)
             ... on level 3 of the Elven Halls on Jan 19, 2023.
             The game lasted 01:23:16 (15141 turns).

mopl the Shatterer (Meteoran Berserker)            Turns: 15141, Time: 01:23:17

Health: -8/250     AC: 32    Str: 29    XL:     19   Next: 14%
Magic:  20/20      EV: 17    Int: 14    God:    Trog [*****.]
Gold:   2560       SH:  0    Dex: 19    Spells: 18/18 levels left

rFire   + . .      SeeInvis .   b - +8 quarterstaff "Zinidier" {freeze, Will+++}
rCold   + . .      Faith    .   (shield currently unavailable)
rNeg    . . .      Spirit   .   Q - +2 plate armour {rC+}
rPois   +          Reflect  .   f - +2 helmet of Zuytuole {rElec Str+4 Int+4}
rElec   +          Harm     .   n - scarf {repulsion}
rCorr   .          Rampage  .   Z - +0 pair of fencer's gloves {Riposte Dex+3}
Will    +++++                   K - +2 pair of boots {Fly}
Stlth   ..........              D - amulet "Sohipp" {Acrobat +Inv rElec rF+}
HPRegen 0.51/turn               h - ring of poison resistance
MPRegen 0.17/turn               W - +4 ring of protection

@: berserking (expiring), flying, glowing, repel missiles, very quick
A: sense surroundings 3, otherworldly, glowing, explore regen
a: Renounce Religion, Evoke Invisibility, Berserk, Trog's Hand, Brothers in Arms


You were on level 3 of the Elven Halls.
You worshipped Trog.
Trog was extremely pleased with you.
You visited 4 branches of the dungeon, and saw 25 of its levels.
You visited 1 bazaar.
You also visited: Trove, Sewer, Ossuary, Bailey and Ice Cave.

You collected 3996 gold pieces.
You spent 1436 gold pieces at shops.

Inventory:

Hand Weapons
 a - a +6 vorpal great mace
 b - the +8 quarterstaff "Zinidier" (weapon) {freeze, Will+++}
   (You found it in a bailey)

   It freezes those it strikes, dealing additional cold damage.
   It can also slow down cold-blooded creatures.
   Will:      It greatly increases your willpower.
 j - a +1 demon trident of venom
Missiles
 x - 5 throwing nets
 G - 2 curare-tipped darts
 N - 17 poisoned darts (quivered)
 O - 6 boomerangs
Armour
 f - the +2 helmet of Zuytuole (worn) {rElec Str+4 Int+4}
   (You found it in a treasure trove)

   Str:       It affects your strength (+4).
   Int:       It affects your intelligence (+4).
   rElec:     It insulates you from electricity.
 n - a scarf of repulsion (worn)
 y - the +4 pair of gloves "Onouries" {rF+++ rC- Int+5}
   (You found it in an ice cave)

   Int:       It affects your intelligence (+5).
   rF:        It renders you almost immune to fire.
   rC:        It makes you vulnerable to cold.
 K - a +2 pair of boots of flying (worn)
 L - a +2 kite shield of poison resistance
 P - a +0 crystal plate armour
 Q - a +2 plate armour of cold resistance (worn)
 Z - the +0 pair of fencer's gloves (worn) {Riposte Dex+3}
   (You bought it in a shop in a bazaar)

   It allows the wearer to riposte with melee weapons, swiftly retaliating
   against missed or blocked melee attacks.
   Dex:       It affects your dexterity (+3).
Jewellery
 h - a ring of poison resistance (left hand)
 w - a ring of protection from cold
 D - the amulet "Sohipp" (around neck) {Acrobat +Inv rElec rF+}
   (You acquired it on level 8 of the Dungeon)

   [amulet of the acrobat]

   It increases your evasion while moving and waiting.
   rF:        It protects you from fire.
   rElec:     It insulates you from electricity.
   +Inv:      It lets you turn invisible.
 W - a +4 ring of protection (right hand)
Wands
 i - a wand of polymorph (6)
 l - a wand of digging (5)
 m - a wand of charming (12)
 r - a wand of iceblast (5)
 E - a wand of mindburst (18)
 U - a wand of quicksilver (5)
 V - a wand of flame (41)
Scrolls
 d - 6 scrolls of enchant weapon
 e - 17 scrolls of teleportation
 s - a scroll of torment {!r}
 t - 3 scrolls of butterflies
 u - 8 scrolls of fear
 v - 7 scrolls of enchant armour
 H - 9 scrolls of immolation
 J - 2 scrolls of brand weapon
 M - 7 scrolls of poison
 R - 2 scrolls of blinking
 S - 2 scrolls of silence {!r}
 X - 6 scrolls of vulnerability
Potions
 g - a potion of mutation {!q}
 k - 3 potions of berserk rage {!q}
 o - 5 potions of lignification {!q}
 q - 16 potions of curing
 z - 6 potions of heal wounds
 A - 2 potions of cancellation
 B - 2 potions of magic
 C - 3 potions of might
 I - 4 potions of haste
 Y - a potion of ambrosia
Miscellaneous
 c - a box of beasts
 p - a phial of floods
 F - a tin of tremorstones (2/2)
 T - a condenser vane


   Skills:
 + Level 14.2 Fighting
 * Level 22.6 Maces & Flails
 + Level 11.1 Throwing
 + Level 15.2 Armour
 + Level 15.3 Dodging
 + Level 14.6 Evocations


You had 18 spell levels left.
You didn't know any spells.
Your spell library was empty.

Dungeon Overview and Level Annotations

Branches:
Dungeon (15/15) Zot: 1101  Temple (0/1) D:6            Lair (5/5) D:8 Zot: 132
  Swamp (0/4) Lair:3       Spider (0/4) Lair:3        Slime (0/5) Lair:4
    Orc (2/2) D:11 Zot: 314     Elf (3/3) Orc:2 Zot: 153  Vaults (0/5) D:14
 Depths (0/4) D:15          Sewer (visited)         Ossuary (visited)
 Bailey (visited)           IceCv (visited)

Altars:
Cheibriados
Gozag
Hepliaklqana
Vehumet
Wu Jian
Jiyva

Shops:
D:2 (   D:8 ?   D:10 !   D:14 =   Orc:2 [[*:   Elf:2 **

Portals:
Abyss: Lair:3

Annotations:
Lair:3 Koel's ghost, journeyman PaFi
Elf:3 1 runed translucent door, gargbit's ghost, adept OpFi


Innate Abilities, Weirdness & Mutations

You passively map a large area around you.
You are easily found by Zot.
You glow in the dark.
You regain HP and MP as you explore.


Message History

The deep elf annihilator hits you but does no damage.
You sock the deep elf master archer! You freeze the deep elf master archer.
The deep elf master archer is lightly wounded.
The deep elf master archer shoots an arrow.
The arrow hits you.
* * * LOW HITPOINT WARNING * * *
Unknown command.
You barely miss the deep elf master archer.
The deep elf master archer is lightly wounded.
The deep elf master archer unwields a +0 longbow.
The deep elf master archer closely misses you.
The deep elf annihilator hits you but does no damage.
Unknown command.
You sock the deep elf master archer! You freeze the deep elf master archer.
The deep elf master archer is moderately wounded.
Unknown command.
You sock the deep elf master archer! You freeze the deep elf master archer.
The deep elf master archer is severely wounded.
Unknown command.
You sock the deep elf master archer! You freeze the deep elf master archer.
The deep elf master archer is severely wounded.
The deep elf master archer wields a +0 longbow.
The deep elf master archer shoots an arrow.
The arrow hits you.
* * * LOW HITPOINT WARNING * * *
The deep elf annihilator casts a spell.
The deep elf annihilator blinks!
You closely miss the deep elf master archer.
The deep elf master archer is severely wounded.
The deep elf master archer shoots an arrow.
The arrow hits you!
* * * LOW HITPOINT WARNING * * *
Unknown command.
You bludgeon the deep elf master archer!!
You freeze the deep elf master archer.
You kill the deep elf master archer!
Trog accepts your kill.
The deep elf high priest invokes the aid of its god against you.
Something smites you!
You die...

* , #...# ........# , ,,
,* #)# #.......#,, , ,##
#)# , #.......# * ,##.#
##.#§§§#.......#,,
##...##.)#WE§#.......# *
,
.#.....##e##+##.(.....#
e..e⌠.)e).)...........#,
***,,
e#.....##§)...........#,
,
*##...##@)............#
, *,##.#
#.)..#.........# ##
#....#.........# , , *
##...#.........# , ,, ,
** #...#.........+ ,
#...#......... * , *
#...#......., ** ,
#...#......., , * ,, *
#...#.......


You could see a deep elf high priest, a fire elemental and gargbit's ghost.

Vanquished Creatures
  Jorgrun (Elf:1)
  2 deep elf master archers (Elf:3)
  A deep elf blademaster (Elf:3)
  Gastronok (Lair:3)
  3 deep elf sorcerers
  The ghost of gargbit the Placeless Octopus, an adept OpFi of Hepliaklqana (Elf:2)
  3 deep elf elementalists
  A reaper (IceCv)
  A stone giant (D:15)
  3 deep elf demonologists (Elf:3)
  5 deep elf annihilators
  A deep elf death mage (Elf:3)
  7 hydras
  2 deep elf high priests
  A hydra (shapeshifter) (D:15)
  A rakshasa (D:15)
  4 vault guards (D:14)
  4 catoblepae (Lair:5)
  3 boulder beetles
  2 ogre magi (Orc:2)
  11 two-headed ogres
  4 centaur warriors
  2 tengu warriors
  12 dancing weapons
  3 death yaks (Lair:5)
  A sun demon (D:13)
  2 soul eaters (D:13)
  9 deep elf knights
  8 skeletal warriors
  9 slime creatures
  2 deep trolls (Orc:2)
  19 deep elf archers
  A lindwurm (Lair:5)
  25 deep elf zephyrmancers
  An obsidian statue (Elf:2)
  17 ugly things
  21 deep elf pyromancers
  3 orc sorcerers (Orc:1)
  4 orc knights
  14 elephants
  4 cyclopes
  5 manticores
  2 ice statues (IceCv)
  2 torpor snails (Lair:5)
  8 black mambas
  2 gargoyles
  5 cane toads
  Maggie (D:6)
  5 rime drakes
  8 komodo dragons
  A komodo dragon (shapeshifter) (D:14)
  2 guardian mummies (D:14)
  5 ice devils
  A tengu conjurer (D:15)
  A red devil (D:13)
  3 polar bears
  11 trolls
  2 tyrant leeches (Lair:3)
  13 blink frogs
  4 shadows
  A spriggan (Lair:3)
  2 air elementals
  53 yaks
  A vampire (Bailey)
  4 water elementals
  4 wraiths
  6 wyverns
  4 fire elementals
  7 humans (D:14)
  2 chaos spawn (D:13)
  2 steam dragons
  A basilisk (Lair:3)
  2 vampire mosquitoes (D:10)
  3 wargs
  2 swamp worms
  An acid dragon (D:12)
  A harpy simulacrum (IceCv)
  A floating eye (shapeshifter) (Elf:2)
  18 water moccasins
  An ice beast (D:5)
  16 orc warriors
  A sky beast (D:7)
  A black bear (D:6)
  20 ogres
  13 wolves
  10 centaurs
  A kobold brigand (D:8)
  11 bullfrogs
  3 two-headed ogre simulacra (IceCv)
  2 gnoll sergeants
  An earth elemental (Elf:2)
  2 cane toad simulacra (IceCv)
  A necrophage (D:6)
  2 scorpions
  3 wights (D:7)
  A troll zombie (Ossuary)
  An elephant simulacrum (IceCv)
  27 killer bees
  7 vampire bats (Bailey)
  4 howler monkeys
  3 electric eels
  3 wolf zombies (Bailey)
  A centaur zombie (Ossuary)
  A human zombie (Ossuary)
  3 jellies
  13 orc priests
  A gnoll bouda (D:5)
  Jessica (D:3)
  8 iguanas
  16 orc wizards
  Ijyb (D:3)
  A troll simulacrum (IceCv)
  10 hell rats
  A polar bear simulacrum (IceCv)
  3 spriggan simulacra (IceCv)
  3 ogre zombies (Ossuary)
  The ghost of p0werm0de the Sneak, a weakling OpDe (D:4)
  7 mummies (Ossuary)
  Robin (D:2)
  10 gnolls
  10 adders
  3 river rats
  2 shadow imps
  5 white imps
  4 ufetubi
  An adder zombie (Ossuary)
  A worm (D:2)
  5 dart slugs
  54 orcs
  13 ball pythons
  5 bats
  11 endoplasms
  6 giant cockroaches
  19 goblins
  6 hobgoblins
  4 quokkas
  5 frilled lizards
  6 goblin zombies (Ossuary)
  11 hobgoblin zombies (Ossuary)
  10 kobolds
  3 kobold zombies (Ossuary)
  22 orc zombies (Bailey)
  3 quokka zombies (Ossuary)
  30 rats
870 creatures vanquished.

Vanquished Creatures (collateral kills)
  A dancing weapon (Elf:2)
  4 death yaks (Lair:5)
  A deep elf knight (Elf:1)
  A deep elf pyromancer (Elf:1)
  An orc knight (D:11)
  A cyclops (D:11)
  An anaconda simulacrum (IceCv)
  2 ice devils (IceCv)
  A troll (Orc:2)
  A large abomination (Lair:3)
  13 yaks (Lair:5)
  2 orc warriors (D:11)
  An ogre (Orc:2)
  3 earth elementals
  3 orc priests (D:11)
  A polar bear simulacrum (IceCv)
  A white imp (IceCv)
  13 orcs (D:11)
51 creatures vanquished.

Vanquished Creatures (others)
  A deep elf death mage (Elf:1)
  A vault guard (D:14)
  A deep elf knight (Elf:1)
  A two-headed ogre simulacrum (IceCv)
  A demonic plant (D:13)
  8 fungi
  23 plants
36 creatures vanquished.

Grand Total: 957 creatures vanquished

Notes
Turn   | Place    | Note
-------+----------+-------------------------------------------
     0 | D:1      | mopl the Meteoran Berserker began the quest for the Orb.
     0 | D:1      | Reached XP level 1. HP: 19/19 MP: 2/2
    76 | D:1      | Reached XP level 2. HP: 24/26 MP: 3/3
   267 | D:1      | Reached XP level 3. HP: 28/31 MP: 4/4
   477 | D:1      | Glimpsed the power of Zot.
   527 | D:1      | Glimpsed the power of Zot.
   591 | D:2      | Reached skill level 3 in Armour
   591 | D:2      | Reached skill level 3 in Dodging
   593 | D:2      | Reached XP level 4. HP: 40/40 MP: 5/5
   601 | D:2      | Reached skill level 5 in Maces & Flails
   703 | D:2      | Reached ** piety under Trog
   709 | D:2      | Found a faded altar of an unknown god.
   890 | D:2      | Reached XP level 5. HP: 29/46 MP: 6/6
   906 | D:2      | Found Honib's Antique Weapon Boutique.
   981 | D:2      | Noticed Robin
   986 | D:2      | Reached skill level 4 in Fighting
   993 | D:2      | Killed Robin
  1035 | D:2      | Glimpsed the power of Zot.
  1079 | D:3      | Reached XP level 6. HP: 52/52 MP: 7/7
  1089 | D:3      | Reached skill level 6 in Maces & Flails
  1142 | D:3      | Noticed Jessica
  1154 | D:3      | Killed Jessica
  1155 | D:3      | Reached skill level 4 in Dodging
  1194 | D:3      | Reached *** piety under Trog
  1232 | D:3      | Noticed Ijyb
  1252 | D:3      | Killed Ijyb
  1253 | D:3      | Reached skill level 4 in Armour
  1579 | D:4      | Found a runed translucent gate.
  1579 | D:4      | Found a runed translucent gate.
  1579 | D:4      | Found a runed translucent gate.
  1589 | D:4      | Noticed p0werm0de's ghost (weakling OpDe)
  1596 | D:4      | Reached XP level 7. HP: 60/60 MP: 8/8
  1603 | D:4      | Killed p0werm0de's ghost
  1917 | D:5      | Entered Level 5 of the Dungeon
  1940 | D:5      | Reached skill level 7 in Maces & Flails
  1947 | D:5      | Reached skill level 1 in Evocations
  1969 | D:5      | Reached XP level 8. HP: 60/67 MP: 9/9
  2014 | D:5      | Noticed a steam dragon
  2020 | D:5      | Reached skill level 5 in Fighting
  2020 | D:5      | Reached skill level 2 in Evocations
  2025 | D:5      | Killed a steam dragon
  2026 | D:5      | Reached skill level 8 in Maces & Flails
  2026 | D:5      | Reached skill level 5 in Armour
  2026 | D:5      | Reached skill level 5 in Dodging
  2285 | D:5      | Found a glowing drain.
  2290 | D:5      | Reached skill level 3 in Evocations
  2304 | Sewer    | Entered a sewer
  2337 | Sewer    | Reached **** piety under Trog
  2492 | Sewer    | Gained mutation: You passively map the area around you.
                  | [Meteoran growth]
  2492 | Sewer    | Reached XP level 9. HP: 74/74 MP: 10/10
  2721 | D:6      | Reached skill level 9 in Maces & Flails
  2757 | D:6      | Noticed Maggie
  2773 | D:6      | Killed Maggie
  2774 | D:6      | Reached skill level 6 in Fighting
  2774 | D:6      | Reached skill level 6 in Armour
  2774 | D:6      | Reached skill level 6 in Dodging
  2774 | D:6      | Reached skill level 4 in Evocations
  2804 | D:6      | Reached ***** piety under Trog
  2840 | D:6      | Found a staircase to the Ecumenical Temple.
  3068 | D:7      | Reached skill level 10 in Maces & Flails
  3080 | D:7      | Reached XP level 10. HP: 84/84 MP: 11/11
  3085 | D:7      | Reached skill level 5 in Evocations
  3106 | D:7      | Reached skill level 7 in Armour
  3142 | D:7      | Identified the +8 battleaxe of Mantunon {protect, Int+4}
  3170 | D:7      | Found a sand-covered staircase.
  3188 | Ossuary  | Entered an ossuary
  3233 | Ossuary  | Reached skill level 11 in Maces & Flails
  3293 | Ossuary  | Reached skill level 7 in Dodging
  3424 | Ossuary  | Reached skill level 7 in Fighting
  3715 | D:7      | Found an opulent altar of Gozag.
  3781 | D:7      | Reached skill level 6 in Evocations
  3871 | D:8      | Found Gumpelon's Magic Scroll Emporium.
  3895 | D:8      | Bought a scroll of amnesia for 52 gold pieces
  3895 | D:8      | Bought a scroll of fear for 52 gold pieces
  3895 | D:8      | Bought a scroll of enchant armour for 97 gold pieces
  3895 | D:8      | Bought a scroll of poison for 52 gold pieces
  3895 | D:8      | Bought a scroll of immolation for 52 gold pieces
  3895 | D:8      | Bought a scroll of identify for 26 gold pieces
  3895 | D:8      | Bought a scroll of identify for 26 gold pieces
  3895 | D:8      | Bought a scroll of identify for 26 gold pieces
  3896 | D:8      | Identified a scroll of acquirement
  3899 | D:8      | Acquired the amulet "Sohipp" {Acrobat +Inv rElec rF+}
  3914 | D:8      | Received a gift from Trog
  4042 | D:8      | Found a staircase to the Lair.
  4109 | D:8      | Reached skill level 12 in Maces & Flails
  4152 | D:8      | Reached XP level 11. HP: 92/92 MP: 12/12
  4253 | D:9      | Found a hazy altar of Hepliaklqana.
  4325 | D:9      | Reached skill level 8 in Armour
  4371 | D:9      | Reached skill level 8 in Dodging
  4396 | D:9      | Found a flagged portal.
  4405 | Bailey   | Entered a bailey
  4466 | Bailey   | Identified the +7 chain mail "Joce" {-Tele rF+ Int+4 SInv}
  4518 | Bailey   | Identified the +4 ring mail of Ickeduah {SInv}
  4547 | Bailey   | Reached skill level 8 in Fighting
  4547 | Bailey   | Reached skill level 7 in Evocations
  4577 | Bailey   | Reached skill level 13 in Maces & Flails
  4599 | Bailey   | Identified the +8 quarterstaff "Zinidier" {freeze, Will+++}
  5110 | D:9      | Reached skill level 9 in Armour
  5129 | D:10     | Entered Level 10 of the Dungeon
  5141 | D:10     | Noticed a boulder beetle
  5150 | D:10     | Killed a boulder beetle
  5156 | D:10     | Reached skill level 9 in Dodging
  5180 | D:10     | Found Ymmekko's Distillery.
  5255 | D:10     | Found an ornate altar of the Wu Jian Council.
  5400 | D:10     | Noticed a two-headed ogre
  5416 | D:10     | Killed a two-headed ogre
  5417 | D:10     | Reached skill level 14 in Maces & Flails
  5417 | D:10     | Reached XP level 12. HP: 44/103 MP: 13/13
  5517 | D:10     | Received a gift from Trog
  5520 | D:10     | Reached skill level 8 in Evocations
  5635 | Lair:1   | Entered Level 1 of the Lair of Beasts
  5828 | Lair:1   | Found a frozen archway.
  5837 | IceCv    | Entered an ice cave
  5854 | IceCv    | Reached skill level 9 in Fighting
  5986 | IceCv    | Identified the +4 pair of gloves "Onouries" {rF+++ rC-
                  | Int+5}
  6140 | IceCv    | Reached skill level 15 in Maces & Flails
  6144 | IceCv    | Reached skill level 10 in Armour
  6151 | IceCv    | Noticed a reaper
  6165 | IceCv    | Killed a reaper
  6166 | IceCv    | Reached skill level 10 in Dodging
  6374 | Lair:1   | Reached skill level 9 in Evocations
  6449 | Lair:1   | Reached XP level 13. HP: 109/111 MP: 14/14
  6607 | Lair:1   | Glimpsed the power of Zot.
  6822 | Lair:2   | Reached skill level 10 in Fighting
  6822 | Lair:2   | Reached skill level 16 in Maces & Flails
  7031 | Lair:2   | Reached skill level 11 in Armour
  7055 | Lair:2   | Received a gift from Trog
  7204 | Lair:3   | Noticed Gastronok
  7218 | Lair:3   | Killed Gastronok
  7219 | Lair:3   | Reached skill level 1 in Throwing
  7219 | Lair:3   | Reached skill level 11 in Dodging
  7219 | Lair:3   | Reached skill level 10 in Evocations
  7354 | Lair:3   | Found a transporter.
  7366 | Lair:3   | Found a transporter.
  7390 | Lair:3   | Reached skill level 2 in Throwing
  7390 | Lair:3   | Found a staircase to the Swamp.
  7463 | Lair:3   | Found a hole to the Spider Nest.
  7557 | Lair:3   | Noticed a rakshasa
  7589 | Lair:3   | Reached skill level 17 in Maces & Flails
  7589 | Lair:3   | Reached XP level 14. HP: 122/122 MP: 15/15
  7627 | Lair:3   | Noticed Koel's ghost (journeyman PaFi)
  7635 | Lair:3   | Found a one-way gate to the infinite horrors of the Abyss.
  7691 | Lair:3   | Reached skill level 3 in Throwing
  8028 | Lair:4   | Found a viscous altar of Jiyva.
  8028 | Lair:4   | Found a staircase to the Slime Pits.
  8072 | Lair:4   | Reached skill level 11 in Fighting
  8072 | Lair:4   | Reached skill level 4 in Throwing
  8392 | Lair:5   | Entered Level 5 of the Lair of Beasts
  8450 | Lair:5   | Reached skill level 11 in Evocations
  8515 | Lair:5   | Reached skill level 18 in Maces & Flails
  8515 | Lair:5   | Reached skill level 12 in Armour
  8515 | Lair:5   | Reached skill level 12 in Dodging
  8642 | Lair:5   | Reached skill level 5 in Throwing
  8719 | Lair:5   | Reached XP level 15. HP: 130/130 MP: 16/16
  8936 | Lair:5   | Reached skill level 6 in Throwing
  8936 | Lair:5   | Received a gift from Trog
  9095 | Lair:5   | Glimpsed the power of Zot.
  9145 | Lair:5   | Glimpsed the power of Zot.
  9184 | Lair:4   | Glimpsed the power of Zot.
  9194 | Lair:3   | Touched by the power of Zot.
  9377 | D:11     | Found a staircase to the Orcish Mines.
  9395 | D:11     | Reached skill level 19 in Maces & Flails
  9648 | D:11     | Reached skill level 12 in Fighting
  9653 | D:11     | Reached skill level 12 in Evocations
  9844 | Orc:1    | Entered Level 1 of the Orcish Mines
  9974 | Orc:2    | Entered Level 2 of the Orcish Mines
 10033 | Orc:2    | Found a staircase to the Elven Halls.
 10037 | Orc:2    | Received a gift from Trog
 10193 | Orc:1    | Reached skill level 7 in Throwing
 10318 | Orc:1    | You fall into a shaft and drop 1 floor!
 10385 | Orc:2    | Reached skill level 13 in Armour
 10385 | Orc:2    | Reached skill level 13 in Dodging
 10385 | Orc:2    | Reached XP level 16. HP: 134/134 MP: 17/17
 10686 | Orc:2    | Found Caeqapap's Antique Armour Emporium.
 10695 | Orc:2    | Found Offalenwu's Armour Shoppe.
 10700 | Orc:2    | Found Taus's General Store.
 10708 | Orc:2    | Bought a pair of embroidered boots for 232 gold pieces
 10722 | Orc:2    | Found Ligeveij's Book Emporium.
 10725 | Orc:2    | Bought a scroll of fear for 60 gold pieces
 11087 | D:12     | Reached skill level 20 in Maces & Flails
 11128 | D:12     | Reached skill level 8 in Throwing
 12039 | D:14     | Found Cekahag's Jewellery Shop.
 12164 | D:14     | Reached skill level 13 in Evocations
 12173 | D:14     | Reached XP level 17. HP: 148/148 MP: 18/18
 12394 | D:14     | Reached skill level 13 in Fighting
 12401 | D:14     | Found a gate to the Vaults.
 12449 | D:15     | Entered Level 15 of the Dungeon
 12482 | D:15     | Found a staircase to the Depths.
 12510 | D:15     | Received a gift from Trog
 12511 | D:15     | Reached skill level 9 in Throwing
 12511 | D:15     | Reached skill level 14 in Dodging
 12570 | D:14     | Reached skill level 14 in Armour
 12865 | D:15     | Found a snail-covered altar of Cheibriados.
 12935 | D:15     | Upgraded the game from 0.29.1-12-g30fa7ad0bf to
                  | 0.29.1-13-g9f3cf754e1
 12969 | D:15     | Found a portal to a secret trove of treasure.
 13018 | D:15     | You paid a toll of 4 potions of resistance to enter a
                  | treasure trove
 13019 | Trove    | Entered a treasure trove
 13034 | Trove    | Identified the +1 leather armour of Divine Intervention
                  | {rN+}
 13040 | Trove    | Identified the +2 helmet of Zuytuole {rElec Str+4 Int+4}
 13053 | Trove    | Identified the +1 scale mail of Perpetual Drought {Rampage
                  | Will+ Int+5 Dex-5}
 13158 | D:14     | Reached skill level 21 in Maces & Flails
 13275 | Elf:1    | Entered Level 1 of the Elven Halls
 13303 | Elf:1    | Found a radiant altar of Vehumet.
 13590 | Elf:1    | Paralysed by an air elemental for 1 turns
 13627 | Elf:1    | Noticed Jorgrun
 13651 | Elf:1    | Killed Jorgrun
 13816 | Elf:1    | Gained mutation: You passively map a large area around you.
                  | [Meteoran growth]
 13816 | Elf:1    | Reached XP level 18. HP: 158/158 MP: 19/19
 13826 | Elf:1    | Glimpsed the power of Zot.
 13864 | Elf:1    | Glimpsed the power of Zot.
 13904 | Elf:1    | Glimpsed the power of Zot.
 13975 | Elf:2    | Found a flickering gateway to a bazaar.
 13983 | Elf:2    | Reached skill level 10 in Throwing
 14000 | Bazaar   | Entered a bazaar
 14000 | Bazaar   | Found Fokk's Jewellery Shoppe.
 14000 | Bazaar   | Found Kett's Armour Boutique.
 14000 | Bazaar   | Found Teil Kaomybb's Armour Shoppe.
 14000 | Bazaar   | Found Giw Naah's Armour Shop.
 14002 | Bazaar   | Found Ibybec's Jewellery Shop.
 14039 | Bazaar   | Bought the +0 pair of fencer's gloves {Riposte Dex+3} for
                  | 320 gold pieces
 14039 | Bazaar   | Found the +0 pair of fencer's gloves {Riposte Dex+3}
 14052 | Bazaar   | Bought a ring of poison resistance for 220 gold pieces
 14164 | Elf:1    | Received a gift from Trog
 14205 | Elf:2    | Reached skill level 14 in Evocations
 14347 | Elf:2    | Reached skill level 22 in Maces & Flails
 14406 | Elf:2    | Found a runed translucent gate.
 14406 | Elf:2    | Found a runed translucent gate.
 14406 | Elf:2    | Found a runed translucent gate.
 14407 | Elf:2    | Found an opulent altar of Gozag.
 14407 | Elf:2    | Found Teal Diwk's Assorted Antiques.
 14407 | Elf:2    | Found Inacw's Assorted Antiques.
 14407 | Elf:2    | Noticed gargbit's ghost (adept OpFi)
 14521 | Elf:2    | Glimpsed the power of Zot.
 14524 | Elf:2    | Killed gargbit's ghost
 14550 | Elf:2    | Bought a scroll of teleportation for 108 gold pieces
 14551 | Elf:2    | Bought a puce potion for 26 gold pieces
 14551 | Elf:2    | Bought a potion of curing for 87 gold pieces
 14562 | Elf:2    | Glimpsed the power of Zot.
 14581 | Elf:3    | Entered Level 3 of the Elven Halls
 14706 | Elf:3    | Reached skill level 15 in Dodging
 14832 | Elf:3    | Reached skill level 15 in Armour
 14864 | Elf:3    | Reached skill level 14 in Fighting
 14864 | Elf:3    | Paralysed by an air elemental for 1 turns
 14962 | Elf:3    | Found a runed translucent door.
 14964 | Elf:3    | Noticed gargbit's ghost (adept OpFi)
 14964 | Elf:3    | Identified the +8 rapier "Syelas" {drain, rF+}
 14979 | Elf:3    | Noticed a deep elf master archer
 15007 | Elf:3    | Killed a deep elf master archer
 15018 | Elf:3    | Reached skill level 11 in Throwing
 15036 | Elf:3    | Noticed an Ice Fiend
 15039 | Elf:3    | Reached XP level 19. HP: 125/161 MP: 20/20
 15094 | Elf:3    | Noticed a deep elf master archer
 15095 | Elf:3    | Noticed a deep elf blademaster
 15123 | Elf:3    | Killed a deep elf blademaster
 15140 | Elf:3    | HP: 3/250 [deep elf master archer/arrow (15)]
 15141 | Elf:3    | Killed a deep elf master archer
 15141 | Elf:3    | Killed from afar by a deep elf high priest

Illustrated notes

Levels and vault maps discovered:
D:1:      roderic_crossed_star, layout_basic
D:2:      layout_loops_corners, serial_shops, nicolae_shop_trees,
          shapermc_ecumenical_altar_starsandcircs, item_on_display_a, uniq_robin
D:3:      layout_rooms, uniq_jessica, uniq_ijyb
D:4:      layout_loops_ring, ebering_ghost_rock_garden
D:5:      layout_rooms, portal_sewer_entry_b
D:6:      layout_basic, minmay_temple_entry_overgrown, chequers_garden,
          uniq_maggie
D:7:      layout_gridville, mainiacjoe_overflow_alcove_4,
          nicolae_ossuary_entry_ruins, worms_lemuel
D:8:      layout_cave_pools, lair_entry_dummy, serial_shops,
          nicolae_shop_statue_plus, hangedman_decor_clover_reticule
D:9:      layout_roguey, overflow_temple_1_default, enter_bailey_5
D:10:     layout_roguey, nicolae_wu_jian_wuxing_cycle, serial_shops,
          nicolae_shop_advertising_works [nicolae_subvault_shop_adworks]
D:11:     layout_gridville, david_orc_5
D:12:     layout_loops_ring
D:13:     layout_roguey, serial_demonic, serial_demonic_e, serial_demonic_g,
          serial_demonic_b, serial_demonic_g
D:14:     layout_roguey, ximxim_vaults_locker_room, serial_shops, shop,
          hex_large
D:15:     grunt_enter_depths_giant_problem, layout_cross, serial_bayou_pond_b,
          nicolae_trove_entry_path_of_doom, hangedman_decor_push,
          cheibriados_altar_1
Lair:1:   layout_layer_cave, portal_ice_cave_rime,
          chequers_serial_rivers_large_a
Lair:2:   layout_small_grid, serial_bayou_pond_d
Lair:3:   layout_misc_corridors, minmay_swamp_entry_worms, dummy_spider_entry,
          gammafunk_ghost_abyssal_escape, lemuel_fruit_tree, uniq_gastronok
Lair:4:   layout_hall_layers, slime_entry_1, nzn_sisyphean_effort,
          infiniplex_staircase_pool_2, serial_bayou_shore_b
Lair:5:   evilmike_catoblepas_cave, layout_concentric_octagons,
          wad_woods_river_01
Orc:1:    layout_caves
Orc:2:    st_orc_open, layout_diamond_mine
Elf:1:    eino_elf_arrival_altar, layout_loops_corners,
          kennysheep_underground_church, uniq_jorgrun
Elf:2:    nicolae_elf_blades_crystal_corner, layout_geoelf_grid, serial_shops,
          bzr_entry_lakeside, ebering_ghost_gozag
Elf:3:    grunt_elf_hall_diamonds, layout_onion_city, ebering_ghost_inner_flame,
          uniq_roxanne

Skill      XL: |  1  2  3  4  5  6  7  8  9 10 11 12 13 14 15 16 17 18 |
---------------+-------------------------------------------------------+-----
Armour         | 3 4 5 6 7 9 10 11 12 13 14 15 | 15.2
Dodging        | 3 4 5 6 7 9 10 11 12 13 14 15 | 15.3
Maces & Flails | 5 6 7 8 10 12 14 15 17 18 19 20 21 22 | 22.6
Fighting       | 4 5 6 7 8 9 10 11 12 13 14 | 14.2
Evocations     | 1 3 4 6 7 9 10 11 12 13 14 | 14.6
Throwing       | 2 5 7 8 9 11 | 11.1

Action                   |  1- 3 |  4- 6 |  7- 9 | 10-12 | 13-15 | 16-18 | 19-21 || total
-------------------------+-------+-------+-------+-------+-------+-------+-------++-------
Melee: Mace              |    69 |   177 |    59 |       |       |       |       ||   305
       Punch             |       |     2 |     4 |     2 |       |       |       ||     8
       Flail             |       |       |   192 |   219 |       |       |       ||   411
       Dire flail        |       |       |       |   351 |   282 |       |       ||   633
       Quarterstaff      |       |       |       |   187 |   711 |  1124 |    64 ||  2086
Throw: Boomerang         |       |       |       |     1 |       |       |       ||     1
       Dart              |       |       |       |       |     2 |       |       ||     2
Invok: Berserk           |     2 |     6 |     8 |    15 |    21 |    23 |     1 ||    76
       Trog's Hand       |       |       |       |     4 |     2 |     1 |       ||     7
       Brothers in Arms  |       |       |       |     1 |     5 |     7 |       ||    13
Evoke: Wand              |       |       |     1 |     8 |     1 |     2 |       ||    12
       Tin of tremorston |       |       |       |     2 |       |       |       ||     2
       Phial of floods   |       |       |       |       |     1 |       |       ||     1
       Condenser vane    |       |       |       |       |       |     2 |       ||     2
  Use: Potion            |       |     2 |       |       |       |     3 |       ||     5
       Scroll            |       |       |     9 |    11 |     6 |     6 |       ||    32
 Stab: Petrified         |       |       |       |       |    17 |       |       ||    17
Armor: Animal skin       |    27 |    51 |       |       |       |       |       ||    78
       Chain mail        |       |    18 |     4 |       |       |       |       ||    22
       Plate armour      |       |       |   196 |   226 |   530 |   546 |    24 ||  1522
       Crystal plate arm |       |       |       |   247 |       |       |       ||   247
Dodge: Dodged            |    43 |   106 |    95 |   280 |   470 |   589 |    28 ||  1611
       Repelled          |       |       |       |       |       |    12 |       ||    12
       Rpst.: Quarterstaff |       |       |       |       |       |    34 |     3 ||    37
